 Dungeon Crawl Stone Soup version 0.29.1-2-gbd0b4ee654 (webtiles) character file.

Game seed: 10828012610405672538

376 snek11 the Insei (level 6, -2/58 HPs)
             Began as an Octopode Transmuter on Oct 28, 2022.
             Was a Priest of Qazlal.
             Slain by a gnoll
             ... wielding a +0 spear
             ... led by a gnoll bouda
              (7 damage)
             ... on level 4 of the Dungeon.
             The game lasted 00:28:02 (6436 turns).

snek11 the Insei (Octopode Transmuter)              Turns: 6436, Time: 00:28:03

Health: -2/58      AC: 23    Str: 11    XL:     6   Next: 73%
Magic:  10/10      EV:  2    Int: 15    God:    Qazlal [***...]
Gold:   180        SH:  4    Dex: 13    Spells: 7/11 levels left

rFire   . . .      SeeInvis .   g - +8 frozen axe "Frostbite" {freezing cloud, *Noise Fly rC+}
rCold   + . .      Faith    +   (shield currently unavailable)
rNeg    . . .      Spirit   .   (helmet currently unavailable)
rPois   +          Reflect  .   k - amulet of faith
rElec   .          Harm     .   (no ring)
rCorr   .          Rampage  .   (no ring)
Will    .....      NoTele   +   (no ring)
Stlth   +.........              (no ring)
HPRegen 0.19/turn               (no ring)
MPRegen 0.12/turn               (no ring)
                                (no ring)
                                (no ring)

@: tree-form, silenced, hasted, invisible, very quick
A: stationary, stasis, torment immunity, boosted hp, almost no armour,
(amphibious), 8 rings, (camouflage 1), (gelatinous body 1), (nimble swimmer 1),
(tentacles), mutation resistance 1
a: Renounce Religion


You were on level 4 of the Dungeon.
You worshipped Qazlal.
Qazlal was most pleased with you.
You were a tree.
You visited 1 branch of the dungeon, and saw 4 of its levels.

You collected 180 gold pieces.

Inventory:

Hand Weapons
 e - a +2 hand axe of freezing
 g - the +8 frozen axe "Frostbite" (weapon) {freezing cloud, *Noise Fly rC+}
   (You found it on level 2 of the Dungeon)

   It freezes those it strikes, dealing additional cold damage.
   It can also slow down cold-blooded creatures.
   It occasionally leaves clouds of freezing vapour upon striking a foe.
   It grants immunity to clouds of freezing vapour.
   rC:        It protects you from cold.
   Fly:       It grants you flight.
   *Noise:    It may make noises in combat.
 p - the +7 shortbow of the Cup {freeze, Str+5 Stlth-}
   (You took it off a kobold on level 3 of the Dungeon)

   Any ammunition fired from it freezes those it strikes, dealing additional
   cold damage.
   It can also slow down cold-blooded creatures.
   Str:       It affects your strength (+5).
   Stlth:     It makes you less stealthy.
Missiles
 j - a throwing net
Jewellery
 k - an amulet of faith (around neck)
 q - the ring "Kaabeamp" {rElec rC+ Int+3 Dex+6}
   (You found it on level 3 of the Dungeon)

   [ring of dexterity]

   Int:       It affects your intelligence (+3).
   Dex:       It affects your dexterity (+6).
   rC:        It protects you from cold.
   rElec:     It insulates you from electricity.
Scrolls
 c - 5 scrolls of identify {unknown}
 d - 2 scrolls of teleportation {unknown}
 i - a scroll of silence
 l - a scroll of amnesia {unknown}
 n - a scroll of noise {unknown}
 o - a scroll of blinking {unknown}
 r - a scroll of brand weapon {unknown}
 s - a scroll of butterflies {unknown}
 u - a scroll of vulnerability {unknown}
Potions
 a - 3 potions of lignification
 f - a potion of mutation
 v - a potion of brilliance


   Skills:
 + Level 2.1 Fighting
 + Level 3.3 Dodging
 + Level 2.7 Stealth
 + Level 0.7 Shields
 * Level 4.8 Unarmed Combat
 + Level 3.0 Spellcasting
 + Level 2.8 Transmutations
 + Level 0.1 Poison Magic


You had 7 spell levels left.
You knew the following spells:

 Your Spells              Type           Power      Damage    Failure   Level
a - Beastly Appendage     Tmut           20%        N/A       6%          1
b - Spider Form           Tmut/Pois      6%         N/A       32%         3

Your spell library contained the following spells:

 Spells                   Type           Power      Damage    Failure   Level
 Wereblood                Tmut           10%        N/A       10%         2
 Ice Form                 Ice/Tmut       6%         N/A       73%         4


Dungeon Overview and Level Annotations

Branches:
Dungeon (4/15)
 Temple: D:4-7

Altars:
Qazlal


Innate Abilities, Weirdness & Mutations

You are a tree.
Your roots penetrate the ground, keeping you stationary.
You cannot be teleported.
You are immune to unholy pain and torment.
Your maximum health is greatly increased.
You cannot wear most types of armour.
((You are amphibious.))
You can wear up to eight rings at the same time.
((Your skin changes colour to match your surroundings (Stealth+).))
((Your rubbery body absorbs attacks. (AC +1, EV +1)))
((You are camouflaged when in or above water. (Stealth+)))
((You have tentacles for arms and can constrict up to eight enemies at once.))
You are somewhat resistant to further mutation.


Message History

You cannot move.
You cannot move.
You cannot move.
You cannot move.
You cannot move.
You cannot move.
You cannot move.
You cannot move.
You cannot move.
You cannot move.
You cannot move.
You cannot move.
You cannot move.
You cannot move.
You cannot move.
You cannot move.
You cannot move.
You cannot move.
You cannot move.
You cannot move.
You cannot move.
You cannot move.
You cannot move.
You cannot move.
You cannot move.
You cannot move.
You cannot move.
You cannot move.
The gnoll hits you but does no damage. You block the gnoll's attack.
The gnoll hits you but does no damage. The gnoll hits you but does no damage.
You cannot move.
The gnoll hits you from afar with a +0 spear.
* * * LOW HITPOINT WARNING * * *
The gnoll barely misses you.
You cannot move.
The gnoll hits you but does no damage.
The gnoll hits you from afar with a +0 spear!
You die...

..###.#.###.#.#
#### #..#
.#.#..#.#$#†#.#
##.#
##.#..#.###.#.#
#.##
.#.#..........##
#..#
..##..#.###.#..#
##.#
.##............##
#.#
#.#.##########..#
#.# ...## ##.##
### ...# #.♣#
...# ##○)go....
#.## ###gg....
.## ...... #
..... ..... ....
....


You could see 2 gnolls, an orc (unable to see you) and a goblin (unable to see
you).

Vanquished Creatures
  A jelly (D:3)
  An orc priest (D:4)
  A gnoll bouda (D:4)
  Natasha (twice) (D:2)
  Terence (D:2)
  5 gnolls
  4 adders
  4 worms
  3 dart slugs
  10 orcs
  5 bats
  10 endoplasms
  6 goblins
  3 hobgoblins
  12 jackals
  10 kobolds
  2 quokkas (D:1)
  11 ball pythons
  5 frilled lizards
  8 rats
104 creatures vanquished.

Notes
Turn   | Place    | Note
-------+----------+-------------------------------------------
     0 | D:1      | snek11 the Octopode Transmuter began the quest for the Orb.
     0 | D:1      | Reached XP level 1. HP: 13/13 MP: 3/3
   421 | D:1      | Reached XP level 2. HP: 18/18 MP: 3/5
   439 | D:1      | Found a faded altar of an unknown god.
  1516 | D:1      | Prayed at the altar of an unknown god.
  1516 | D:1      | Became a worshipper of Qazlal Stormbringer
  1516 | D:1      | Reached * piety under Qazlal
  1574 | D:1      | Reached skill level 1 in Stealth
  1957 | D:1      | Reached XP level 3. HP: 23/23 MP: 6/6
  2168 | D:1      | Reached ** piety under Qazlal
  2559 | D:2      | Noticed Terence
  2565 | D:2      | Killed Terence
  2566 | D:2      | Reached XP level 4. HP: 24/28 MP: 5/7
  2593 | D:2      | Found the +8 frozen axe "Frostbite" {freezing cloud, *Noise
                  | Fly rC+}
  2662 | D:3      | Reached skill level 4 in Unarmed Combat
  3175 | D:2      | Noticed Natasha
  3523 | D:2      | Killed Natasha
  3524 | D:2      | Reached XP level 5. HP: 27/33 MP: 8/8
  3956 | D:2      | Noticed Natasha
  3962 | D:2      | Killed Natasha
  4939 | D:3      | Identified the +7 shortbow of the Cup {freeze, Str+5
                  | Stlth-}
  5339 | D:3      | Identified the ring "Kaabeamp" {rElec rC+ Int+3 Dex+6}
  5395 | D:3      | Reached *** piety under Qazlal
  5492 | D:3      | Reached XP level 6. HP: 38/38 MP: 10/10
  6183 | D:4      | Learned a level 3 spell: Spider Form
  6419 | D:4      | Gained mutation: You are somewhat resistant to further
                  | mutation. [potion of mutation]
  6436 | D:4      | Slain by a gnoll

Illustrated notes

Levels and vault maps discovered:
D:1:      psy_arrival_heroes, layout_basic,
          shapermc_ecumenical_altar_notcrosses, minmay_pentomino_r2
D:2:      cheibrodos_helix_gallery, layout_basic, minmay_misc_feat_alley,
          corexii_shack, minmay_snake_closets, uniq_terence, uniq_natasha
D:3:      layout_loops_ring, amcnicky_mini_rare_corridor_liquid
D:4:      nicolae_cairo_tiling, layout_cave_pods, overflow_temple_1_default,
          minmay_surrounded, uniq_sigmund

Skill      XL: |  1  2  3  4  5  6 |
---------------+-------------------+-----
Stealth        | 1 2 |  2.7
Unarmed Combat | 4 |  4.8
Dodging        | 3 |  3.3
Spellcasting   | 3 |  3.0
Fighting       | 2 |  2.1
Shields        | |  0.7
Transmutations | |  2.8
Poison Magic   | |  0.1

Action                   |  1- 3 |  4- 6 || total
-------------------------+-------+-------++-------
Melee: Unarmed           |    79 |    23 ||   102
       Tentacles         |    14 |     9 ||    23
       Constrict         |    18 |    26 ||    44
       Kick              |    12 |     2 ||    14
       Punch             |     2 |     2 ||     4
       Executioner's axe |       |    86 ||    86
 Cast: Beastly Appendage |    15 |     4 ||    19
       Spider Form       |       |     4 ||     4
  Use: Potion            |       |     7 ||     7
       Scroll            |       |     2 ||     2
 Stab: Sleeping          |     3 |       ||     3
       Invisible         |       |     1 ||     1
Armor: Skin              |     8 |    36 ||    44
Dodge: Dodged            |    52 |   110 ||   162
Block: Other             |     1 |    26 ||    27
